Map: Scythe of Amon

Players

Pablo

  • Race: Terran Terran

NamroodTuo

  • Race: Terran Terran
  • Spawn Location: 5:00

VOD

Have the link to the VOD?

Description

Time

  • Played on: Feb. 6, 2023, 2:01 p.m.
  • Length: 18:12
Show
View Real Time Build Order
Export as new Build Order

Pablo Terran 

Build Orders:  

Get SALT Encoding   

  12  0:03  SCV  
  13  0:11  SCV  
  13  0:19  SCV  
  15  0:34  Supply Bunker  
  15  0:44  SCV  
  16  0:51  Refinery  
  16  0:52  SCV  
  17  1:00  SCV  
  17  1:08  SCV  
  19  1:16  SCV  
  20  1:24  SCV  
  21  1:30  Refinery  
  21  1:32  SCV  
  22  1:40  SCV  
  22  1:47  SCV  
  24  1:55  SCV  
  26  2:11  SCV, Dominion Trooper  
  26  2:16  Barracks  
  26  2:19  Engineering Bay  
  27  2:33  Supply Bunker  
  27  2:53  SCV  
  28  3:01  SCV  
  28  3:07  Orbital Trooper Pods  
  28  3:09  SCV  
  30  3:27  SCV  
  31  3:35  SCV, Factory  
  32  3:42  Ghost Academy  
  33  3:52  Dominion Trooper  
  34  4:00  Dominion Trooper  
  34  4:08  Dominion Trooper  
  36  4:16  Dominion Trooper  
  37  4:24  Dominion Trooper  
  37  4:29  Dominion Trooper x3  
  38  4:32  Dominion Trooper  
  38  4:34  SCV x10  
  38  4:37  SCV  
  39  4:40  Dominion Trooper  
  39  4:55  Starport  
  39  5:12  Supply Bunker  
  39  5:25  Medivac  
  39  5:27  Supply Bunker  
  42  5:33  Dominion Trooper  
  42  5:38  Dominion Trooper x6  
  42  5:39  Dominion Trooper x5  
  42  5:46  Medivac  
  44  6:07  Medivac  
  43  6:28  Imperial Witness  
  46  6:35  Terran Infantry Weapons Level 1, Dominion Trooper  
  47  6:43  Fusion Core, Dominion Trooper  
  48  6:51  Dominion Trooper  
  48  6:59  Dominion Trooper  
  50  7:07  Dominion Trooper  
  51  7:15  Dominion Trooper  
  52  7:22  Imperial Witness  
  52  7:23  Dominion Trooper  
  53  7:31  Dominion Trooper  
  51  7:42  Imperial Witness  
  51  7:54  Dominion Trooper  
  50  8:02  Dominion Trooper  
  51  8:10  Dominion Trooper  
  51  8:18  Dominion Trooper  
  53  8:26  Dominion Trooper  
  54  8:34  Dominion Trooper  
  55  8:42  Dominion Trooper  
  55  8:46  Dual Resuscitators  
  56  8:50  Dominion Trooper  
  54  9:07  Imperial Witness  
  55  9:23  Dominion Trooper  
  56  9:31  Dominion Trooper  
  56  9:32  Ghost  
  56  9:39  Dominion Trooper  
  62  9:46  Scatter Veil  
  62  9:47  Dominion Trooper  
  63  9:55  Dominion Trooper  
  60  10:04  Dominion Trooper  
  61  10:12  Dominion Trooper  
  61  10:14  Earthsplitter Ordinance  
  62  10:20  Dominion Trooper  
  62  10:26  Imperial Witness  
  62  10:38  Dominion Trooper  
  60  10:40  Supply Bunker x2, Dominion Trooper x12  
  60  10:46  Amplified Airwaves  
  49  10:57  Imperial Witness  
  34  11:28  Dominion Trooper  
  35  11:36  Dominion Trooper  
  34  11:44  Dominion Trooper  
  34  11:52  Dominion Trooper  
  34  11:53  Ghost  
  34  11:56  Medivac  
  41  12:00  Dominion Trooper  
  41  12:08  Dominion Trooper  
  43  12:16  Dominion Trooper  
  43  12:17  Medivac  
  40  12:24  Dominion Trooper  
  40  12:31  Dominion Trooper  
  40  12:38  Medivac  
  41  12:59  Medivac  
  44  13:03  Dominion Trooper  
  44  13:05  Supply Bunker  
  45  13:11  Dominion Trooper  
  45  13:19  SCV x4, Dominion Trooper  
  47  13:25  Imperial Witness  
  47  13:27  Dominion Trooper  
  48  13:34  Command Center  
  48  13:35  Dominion Trooper  
  48  13:42  SCV x3  
  48  13:43  Dominion Trooper  
  49  13:51  Dominion Trooper  
  49  13:59  Dominion Trooper  
  51  14:07  Dominion Trooper  
  52  14:15  Dominion Trooper  
  52  14:17  Dominion Trooper x4  
  52  14:30  Refinery  
  52  14:33  Refinery  
  60  14:40  Supply Bunker, Dominion Trooper x8  
  60  14:48  SCV, Dominion Trooper x2  
  64  14:56  SCV x2, Dominion Trooper  
  66  15:04  SCV x2  
  66  15:05  Imperial Witness  
  68  15:12  SCV x2  
  68  15:18  Imperial Witness  
  70  15:20  SCV x2  
  70  15:28  SCV x2  
  72  15:36  SCV x2  
  74  15:44  SCV x2  
  76  15:52  SCV x2  
  68  16:00  SCV  
  68  16:08  SCV, Dominion Trooper  
  66  16:15  Dominion Trooper  
  64  16:23  Dominion Trooper  
  64  16:24  Dominion Trooper  
  66  16:31  Dominion Trooper  
  66  16:32  Dominion Trooper  
  66  16:39  Dominion Trooper x2  
  64  16:47  Dominion Trooper x2  
  63  16:55  Dominion Trooper x2  
  64  17:03  Dominion Trooper x2  
  66  17:11  Dominion Trooper x2  
  66  17:19  Dominion Trooper x2  
  65  17:27  Dominion Trooper x2  
  61  17:35  Dominion Trooper x2  
  61  17:38  Barracks  
  60  17:42  Command Center  
  60  17:43  Dominion Trooper x2  
  59  17:51  Dominion Trooper x2  
  59  17:54  Supply Bunker, Dominion Trooper x6  
  59  17:59  Dominion Trooper x2  
  64  18:07  Dominion Trooper x2  
Show
View Real Time Build Order
Export as new Build Order

NamroodTuo Terran 

Build Orders:  

Get SALT Encoding   

  12  0:03  SCV  
  13  0:16  SCV  
  14  0:30  SCV  
  14  0:33  Supply Depot  
  15  0:50  SCV  
  16  1:04  SCV  
  17  1:11  Factory  
  17  1:17  SCV  
  18  1:31  SCV  
  19  1:44  SCV, Supply Depot  
  20  1:58  SCV  
  21  2:11  SCV  
  22  2:23  Perdition Turret  
  22  2:25  SCV  
  23  2:37  Perdition Turret  
  23  2:39  SCV  
  24  2:48  Devastation Turret  
  24  2:49  Armory  
  24  2:52  SCV  
  24  2:59  Refinery  
  25  3:06  SCV  
  25  3:08  Refinery  
  26  3:19  SCV  
  26  3:22  Devastation Turret  
  27  3:35  SCV  
  28  3:46  Supply Depot  
  28  3:49  SCV  
  29  4:02  SCV  
  30  4:12  Engineering Bay  
  30  4:16  SCV  
  28  4:30  SCV  
  32  4:43  SCV  
  33  4:56  Starport  
  33  4:57  SCV  
  34  5:01  Starport  
  34  5:36  Starport  
  34  5:44  Starport Tech Reactor  
  34  5:45  Starport Tech Reactor  
  34  6:03  Upgrade Laser Drill Level 1  
  34  6:34  Starport Tech Reactor  
  34  6:37  Pulse Amplifier  
  34  6:39  Displacement Field  
  34  8:12  Improved Nano-Repair  
  34  8:13  Defensive Matrix  
  34  8:16  Advanced Optics  
  34  8:22  Fire-Suppression Systems  
  34  8:46  Wraith  
  34  8:47  Spinning Dizzy  
  36  8:54  Spinning Dizzy  
  36  9:54  Upgrade Laser Drill Level 2  
  36  10:16  Regenerative Bio-Steel  
  35  11:46  Terran Vehicle And Ship Armor Level 1  
  35  12:44  Wraith x2  
  39  12:58  Supply Depot  
  39  12:59  Supply Depot  
  39  13:00  Supply Depot  
  39  13:07  Supply Depot  
  39  13:09  Supply Depot  
  39  13:10  KMC Auto-Loaders  
  39  13:28  Science Vessel x3, Wraith  
  47  13:34  Supply Depot  
  47  13:37  Supply Depot x2  
  47  13:42  Supply Depot  
  41  14:26  Terran Vehicle and Ship Weapons Level 1  
  41  14:38  Command Center  
  41  14:58  Science Vessel, Wraith x3  
  41  14:59  Wraith  
  51  15:11  Wraith  
  53  15:38  Wraith  
  53  15:39  Structure Armor  
  55  15:56  Refinery  
  55  15:57  Refinery  
  55  16:01  SCV  
  55  16:02  Devastation Turret  
  56  16:15  SCV  
  57  16:28  SCV  
  58  16:39  Hi-Sec Auto Tracking  
  58  16:42  SCV  
  59  16:56  SCV  
  60  17:09  Science Vessel x2  
  64  17:10  Science Vessel, Wraith  
Tags
 
Commander
MengskSwann
Matchup
Co-op
Replay Pack
Multiplayer
Add a new tag
Caveats
  • Supply blocks, unpowered buildings, or Contaminate may cause inaccurate times.
  • Supply counts are checked every 10 seconds.